 Dungeon Crawl Stone Soup version 0.20-a0-1116-gaa52201 (webtiles) character file.

376 theAP the Cudgeler (level 6, 0/40 HPs)
             Began as a Gargoyle Fighter on May 7, 2017.
             Was a Follower of Okawaru.
             Slain by a gnoll (2 damage)
             ... on level 4 of the Dungeon.
             The game lasted 00:04:52 (2648 turns).

theAP the Cudgeler (Gargoyle Fighter)               Turns: 2648, Time: 00:04:53

Health: 0/40       AC: 11    Str: 29    XL:     6   Next: 73%
Magic:  6/6        EV:  7    Int:  9    God:    Okawaru [*.....]
Gold:   186        SH: 10    Dex:  9    Spells: 5/5 levels left

rFire    . . .     SeeInvis .   a - +0 flail
rCold    . . .     Gourm    .   c - +0 shield
rNeg     + . .     Faith    .   b - +0 scale mail
rPois    ∞         Spirit   .   (no helmet)
rElec    +         Reflect  .   (no cloak)
rCorr    .         Harm     .   (no gloves)
MR       .....                  (no boots)
Stlth    ..........             (no amulet)
Regen    0.2/turn               p - +3 ring of strength
MPRegen  0.1/turn               (no ring)

@: mighty
A: negative energy resistance 1, electricity resistance, unbreathing,
petrification resistance, rot immunity, AC +4
a: Heroism, Renounce Religion


You were on level 4 of the Dungeon.
You worshipped Okawaru.
Okawaru was aware of your devotion.
You were not hungry.

You visited 1 branch of the dungeon, and saw 4 of its levels.

You collected 186 gold pieces.

Inventory:

Hand Weapons
 a - a +0 flail (weapon)
Armour
 b - a +0 scale mail (worn)
 c - a +0 shield (worn)
Jewellery
 p - a +3 ring of strength (left hand)
Wands
 q - a wand of lightning (10/15)
Scrolls
 e - a scroll of enchant weapon {unknown}
 g - a scroll of immolation {unknown}
 h - 4 scrolls of identify {unknown}
 i - a scroll of enchant armour {unknown}
 j - a scroll of fog {unknown}
 k - a scroll of noise {unknown}
 o - 3 scrolls of teleportation {unknown}
 v - a scroll of recharging {unknown}
 w - a scroll of random uselessness {unknown}
 x - a scroll of blinking {unknown}
 y - a scroll of remove curse {unknown}
Potions
 d - a potion of might
 m - a potion of ambrosia {unknown}
 n - a potion of agility
 r - a potion of mutation {unknown}
 s - a potion of curing {unknown}
 t - a potion of degeneration {unknown}
Comestibles
 f - 4 bread rations
 l - a royal jelly
 u - a fruit


   Skills:
 + Level 5.2 Fighting
 * Level 5.8 Maces & Flails
 - Level 3.2 Armour
 - Level 3.2 Shields


You had 5 spell levels left.
You didn't know any spells.

Dungeon Overview and Level Annotations

Branches:
Dungeon (4/15)
 Temple: D:4-7

Altars:
Okawaru


Innate Abilities, Weirdness & Mutations

You are resistant to torment.
Your stone body is resilient. (AC +4)
You are immune to poison.
You resist negative energy. (rN+)
You are resistant to electric shocks. (rElec)
You can survive without breathing.
You are immune to petrification.
You are immune to rotting.


Message History

a club; a robe; a gnoll corpse You closely miss the gnoll.
The gnoll hits you with a spear.
* * * LOW HITPOINT WARNING * * *
You block the gnoll's attack. The gnoll hits you.
* * * LOW HITPOINT WARNING * * *
You block the gnoll's attack.
You closely miss the gnoll. You block the gnoll's attack.
The gnoll hits you but does no damage. The gnoll completely misses you.
You feel very mighty all of a sudden. The gnoll closely misses you.
You block the gnoll's attack. The gnoll hits you but does no damage.
You barely miss the gnoll. The gnoll barely misses you.
The gnoll closely misses you. The gnoll hits you with a spear!
* * * LOW HITPOINT WARNING * * *
The gnoll barely misses you. x2
You bludgeon the gnoll!!
You kill the gnoll!
Okawaru accepts your kill. The gnoll hits you but does no damage.
The gnoll hits you.
You die...

#..>...#
#......#
#......#
#......#
######......#
#...........#
#...........#
#.....#'######
#.....g@g.†..#
#.....#.)....#
#.....#......+
+.....#......#
#..<..#......#
#.....#..##..#
.....#+##..#
..# .......
....# ....
....... .....#
.....


You could see 2 gnolls.

Vanquished Creatures
  Sigmund (D:3)
  A gnoll shaman (D:4)
  A worker ant (D:4)
  Robin (D:3)
  A gnoll (D:4)
  5 adders
  2 oozes
  2 dart slugs
  3 leopard geckos
  3 orcs (D:3)
  9 bats
  15 goblins
  7 hobgoblins
  6 jackals
  13 kobolds
  A quokka (D:3)
  6 frilled lizards
  6 rats
83 creatures vanquished.

Notes
Turn   | Place    | Note
-------+----------+-------------------------------------------
     0 | D:1      | theAP the Gargoyle Fighter began the quest for the Orb.
     0 | D:1      | Reached XP level 1. HP: 14/14 MP: 1/1
   254 | D:1      | Reached XP level 2. HP: 15/19 MP: 2/2
   383 | D:1      | Reached XP level 3. HP: 21/24 MP: 3/3
   998 | D:2      | Reached XP level 4. HP: 20/29 MP: 4/4
  1488 | D:3      | Found an iron altar of Okawaru.
  1519 | D:3      | Became a worshipper of Warmaster Okawaru
  1667 | D:3      | Reached XP level 5. HP: 33/33 MP: 5/5
  1695 | D:3      | Noticed Robin
  1703 | D:3      | Killed Robin
  2109 | D:3      | Noticed Sigmund
  2143 | D:3      | Killed Sigmund
  2143 | D:3      | Reached * piety under Okawaru
  2143 | D:3      | Reached skill level 5 in Fighting
  2143 | D:3      | Reached skill level 5 in Maces & Flails
  2143 | D:3      | Reached XP level 6. HP: 4/40 MP: 6/6
  2647 | D:4      | HP: 2/40 [gnoll/spear (8)]
  2648 | D:4      | Slain by a gnoll

Vault maps used:
D:1:      dpeg_arrival_leaves_temple_mockup
D:3:      okawaru_ov_weapons_minmay, uniq_robin, uniq_sigmund
D:4:      overflow_temple_1_default, lemuel_doored_altar, first_bread,
          uniq_crazy_yiuf_cottage

Skill      XL: |  1  2  3  4  5 |
---------------+----------------+-----
Maces & Flails | 3 4 5 |  5.8
Fighting       | 4 5 |  5.2
Armour         | |  3.2
Shields        | |  3.2

Action                   |  1- 3 |  4- 6 || total
-------------------------+-------+-------++-------
Melee: Flail             |   183 |   187 ||   370
  Use: Potion            |       |     4 ||     4
  Eat: Chunk             |     1 |     3 ||     4
       Bread ration      |       |     1 ||     1
Armor: Scale mail        |   119 |    97 ||   216
Dodge: Dodged            |    84 |    74 ||   158
Block: Shield            |   109 |   102 ||   211
